Map: Islas abandonadas

Players

Thrombus

  • Race: Terran Terran
  • Spawn Location: 3:00

Mick

  • Race: Protoss Protoss
  • Spawn Location: 6:00

andyacz

  • Race: Protoss Protoss
  • Spawn Location: 6:00

MMYY

  • Race: Terran Terran
  • Spawn Location: 12:00

wangaO

  • Race: Zerg Zerg
  • League: Master
  • Spawn Location: 9:00

llllllllllll

  • Race: Protoss Protoss
  • League: Master
  • Spawn Location: 12:00

VOD

Have the link to the VOD?

Description

Time

  • Played on: Aug. 20, 2019, 1:37 a.m.
  • Length: 12:39
Show
View Real Time Build Order
Export as new Build Order

Thrombus Terran 

Build Orders:  

Get SALT Encoding   

  12  0:02  SCV  
  13  0:14  SCV  
  14  0:27  SCV  
  15  0:28  Supply Depot  
  15  0:50  SCV  
  15  0:52  Barracks  
  16  1:02  SCV  
  16  1:03  Supply Depot  
  17  1:04  Refinery  
  17  1:14  SCV  
  18  1:35  Command Center  
  18  1:37  SCV  
  19  1:40  Marine  
  20  1:51  Supply Depot  
  20  1:55  SCV  
  20  1:58  Marine  
  22  2:20  Orbital Command  
  22  2:21  Barracks  
  22  2:22  Marine  
  23  2:40  Marine  
  23  2:47  SCV  
  23  2:50  Refinery  
  24  2:53  Factory  
  24  2:58  Marine, SCV  
  25  3:05  SCV  
  27  3:11  Engineering Bay  
  27  3:16  Marine  
  27  3:18  SCV  
  29  3:20  Marine  
  29  3:23  Supply Depot  
  30  3:33  SCV  
  30  3:34  Marine  
  31  3:35  SCV  
  31  3:39  Missile Turret  
  33  3:42  Factory Tech Lab  
  33  3:45  Marine  
  34  3:53  Missile Turret  
  34  3:55  SCV  
  35  4:00  SCV  
  35  4:01  Marine  
  37  4:06  Missile Turret  
  37  4:10  Marine, SCV  
  37  4:16  Siege Tank  
  42  4:19  Marine, SCV  
  42  4:22  SCV  
  45  4:31  Supply Depot  
  45  4:34  SCV  
  46  4:38  Marine  
  46  4:42  Barracks Tech Lab  
  47  4:48  Siege Tank  
  47  4:49  Missile Turret, SCV  
  47  4:51  SCV  
  52  4:55  Missile Turret  
  52  4:57  Barracks Reactor  
  52  5:02  Marauder  
  52  5:05  Orbital Command  
  55  5:07  SCV  
  55  5:20  Supply Depot, Siege Tank  
  58  5:42  Missile Turret  
  58  5:45  Missile Turret, SCV  
  58  5:47  Combat Shield, Marauder  
  61  5:52  Supply Depot, Siege Tank  
  61  5:53  Marine x2  
  61  5:57  SCV  
  67  6:08  Marauder  
  67  6:09  Starport, SCV, Refinery  
  67  6:10  Refinery  
  70  6:11  SCV  
  70  6:15  Supply Depot  
  71  6:21  Marine, SCV  
  71  6:22  Marine  
  71  6:24  SCV  
  75  6:35  Siege Tank  
  75  6:37  SCV  
  75  6:38  Supply Depot  
  75  6:39  Marine, SCV  
  81  6:40  Marine  
  81  6:45  Supply Depot  
  82  6:47  Starport Reactor  
  82  6:51  Supply Depot, SCV  
  82  6:54  Marine  
  83  6:57  Marine x2  
  83  7:01  Supply Depot  
  86  7:03  SCV  
  87  7:12  Marine  
  87  7:13  Terran Infantry Weapons Level 1  
  87  7:15  Marine x2  
  89  7:19  Armory  
  90  7:24  Supply Depot  
  90  7:35  Missile Turret  
  90  7:43  Viking  
  90  7:44  Command Center  
  92  8:03  Marine x2  
  94  8:08  Siege Tank  
  94  8:12  Viking  
  99  8:13  Viking  
  99  8:16  Terran Ship Weapons Level 1  
  101  8:21  Marine x2  
  101  8:22  Missile Turret  
  103  8:42  Viking  
  103  8:43  Viking  
  103  8:46  Thor  
  113  8:52  Supply Depot  
  113  8:59  Factory  
  113  9:07  Terran Infantry Armor Level 1  
  113  9:12  Viking  
  115  9:17  Marine x2  
  115  9:18  Viking  
  119  9:26  Supply Depot  
  119  9:29  Thor  
  125  9:33  Orbital Command  
  125  9:35  SCV x2  
  127  9:47  SCV x2  
  129  9:55  Supply Depot  
  129  10:00  Missile Turret  
  129  10:02  Missile Turret  
  129  10:05  Missile Turret  
  129  10:14  Viking x2, Thor  
  131  10:17  Factory Tech Lab  
  139  10:24  Marine x3, Supply Depot  
  142  10:32  SCV  
  143  10:39  SCV x2  
  143  10:42  Marine  
  146  10:44  SCV  
  147  10:51  SCV  
  147  10:54  Marine, Marauder  
  147  10:57  Command Center  
  147  10:58  Thor  
  147  11:00  Marine  
  101  11:14  Marine  
  101  11:16  Marauder  
  101  11:17  Marine  
  82  11:32  Marine  
  75  11:35  Marine  
  75  11:37  Marine  
  42  12:23  Barracks x2  
  42  12:27  Barracks x2  
  42  12:34  Barracks  
  42  12:36  Barracks  
  42  12:37  Barracks  
Show
View Real Time Build Order
Export as new Build Order

Mick Protoss 

Build Orders:  

Get SALT Encoding   

  1  0:00  Probe  
  12  0:06  Probe  
  14  0:18  Probe  
  15  0:32  Pylon  
  15  0:50  Gateway, Probe  
  15  0:53  Gateway  
  16  1:01  Probe  
  17  1:09  Probe  
  17  1:12  Pylon  
  17  1:18  Probe  
  19  1:28  Probe  
  19  1:32  Assimilator  
  20  1:39  Cybernetics Core  
  20  1:40  Zealot, Probe  
  20  1:43  Zealot  
  25  1:52  Probe  
  26  2:00  Warp Gate  
  26  2:05  Probe  
  27  2:17  Probe  
  27  2:22  Gateway  
  28  2:23  Gateway  
  28  2:33  Stalker  
  28  2:36  Probe  
  31  2:40  Assimilator  
  31  2:53  Pylon  
  31  3:11  Stalker, Pylon, Probe  
  34  3:17  Stalker  
  34  3:18  Stalker  
  38  3:36  Pylon  
  38  3:56  Stalker x2  
  38  3:57  Stalker x2  
  46  4:10  Nexus  
  46  4:13  Pylon  
  46  4:15  Probe  
  47  4:28  Probe  
  48  4:37  Robotics Facility  
  48  4:49  Twilight Council  
  48  4:54  Forge  
  48  5:00  Probe  
  49  5:12  Probe  
  48  5:24  Probe  
  45  5:36  Probe  
  46  5:44  Protoss Ground Weapons Level 1  
  46  5:45  Immortal, Blink  
  50  5:52  Pylon  
  50  5:55  Pylon  
  50  6:07  Assimilator  
  50  6:08  Probe x2  
  52  6:15  Assimilator  
  52  6:20  Probe x2  
  52  6:23  Photon Cannon  
  54  6:28  Photon Cannon  
  54  6:33  Immortal  
  58  6:42  Stalker  
  58  6:43  Stalker  
  58  6:45  Stalker  
  64  6:47  Stalker  
  70  7:22  Immortal  
  70  7:23  Stalker x2  
  70  7:24  Stalker x2  
  78  7:45  Photon Cannon  
  78  7:48  Protoss Ground Weapons Level 2  
  78  7:52  Photon Cannon  
  78  7:55  Photon Cannon  
  78  8:04  Probe x2  
  80  8:15  Immortal  
  80  8:16  Probe x2  
  86  8:37  Zealot x3  
  86  8:38  Zealot  
  94  9:09  Pylon  
  94  9:11  Pylon  
  94  9:12  Pylon  
  94  9:15  Pylon  
  94  9:46  Immortal  
  94  9:51  Pylon  
  98  9:59  Robotics Bay  
  98  10:07  Robotics Facility  
  98  10:13  Charge, Protoss Ground Armor Level 1  
  98  10:14  Zealot  
  98  10:15  Zealot x3  
  106  10:36  Zealot x2  
  106  10:37  Zealot x2  
  114  10:47  Extended Thermal Lance  
  114  10:53  Colossus x2  
  60  11:51  Stalker x2  
  60  11:52  Stalker  
  60  11:53  Stalker  
  40  12:16  Stalker  
  40  12:17  Stalker x3  
Show
View Real Time Build Order
Export as new Build Order

andyacz Protoss 

Build Orders: Carriers 

Get SALT Encoding   

  12  0:01  Probe  
  13  0:13  Probe  
  14  0:29  Pylon  
  14  0:35  Probe  
  15  0:47  Probe  
  16  1:02  Probe  
  17  1:04  Gateway  
  17  1:06  Assimilator  
  17  1:08  Assimilator  
  17  1:17  Probe  
  18  1:29  Probe  
  19  1:34  Gateway  
  19  1:41  Probe  
  20  1:47  Pylon  
  20  1:51  Cybernetics Core  
  20  2:00  Probe  
  21  2:14  Probe  
  22  2:25  Nexus  
  22  2:27  Stalker  
  26  2:33  Sentry  
  26  2:38  Warp Gate  
  26  2:43  Probe  
  27  2:45  Pylon  
  27  2:56  Stalker, Probe  
  30  3:06  Stargate  
  30  3:08  Probe  
  31  3:20  Probe  
  32  3:32  Probe  
  33  3:36  Probe  
  33  3:41  Probe  
  34  3:44  Probe  
  35  3:49  Probe  
  35  3:52  Fleet Beacon, Probe  
  37  3:58  Probe  
  39  4:04  Probe  
  39  4:08  Probe  
  40  4:11  Assimilator  
  40  4:12  Probe  
  40  4:15  Assimilator  
  40  4:16  Probe  
  42  4:20  Pylon, Probe  
  43  4:25  Probe  
  43  4:31  Forge  
  45  4:43  Probe x2  
  47  4:48  Stargate  
  47  4:52  Stargate  
  47  4:55  Probe x2  
  49  5:00  Pylon  
  49  5:03  Pylon  
  49  5:08  Pylon  
  49  5:09  Carrier  
  49  5:13  Protoss Air Weapons Level 1  
  55  5:23  Stalker x2  
  59  5:35  Carrier  
  59  5:41  Probe x2  
  67  5:56  Carrier  
  67  6:01  Probe x2  
  75  6:19  Carrier  
  81  6:33  Probe  
  81  6:34  Nexus, Probe  
  81  6:38  Pylon  
  83  6:44  Probe  
  83  6:45  Probe  
  85  6:49  Assimilator  
  85  6:52  Probe  
  85  6:53  Assimilator  
  85  6:58  Probe  
  85  7:00  Probe  
  87  7:01  Pylon  
  87  7:02  Pylon  
  87  7:05  Pylon  
  83  7:10  Probe  
  82  7:22  Probe  
  83  7:23  Carrier  
  83  7:28  Twilight Council  
  89  7:32  Photon Cannon, Probe  
  89  7:34  Probe  
  92  7:44  Probe  
  92  7:46  Probe x2  
  94  7:56  Probe  
  95  7:58  Probe x2  
  97  8:08  Probe  
  98  8:16  Templar Archives  
  98  8:18  Probe x2  
  100  8:24  Protoss Air Weapons Level 2  
  100  8:30  Photon Cannon  
  100  8:33  Photon Cannon  
  100  8:34  Pylon  
  100  8:36  Carrier  
  100  8:37  Carrier  
  112  8:44  Probe x2  
  112  8:45  Probe  
  115  8:56  Probe  
  115  8:57  Probe x2  
  118  9:11  Gateway  
  118  9:12  Gateway  
  118  9:14  Gateway x2  
  124  9:17  Carrier  
  124  9:20  Gateway  
  124  9:27  Psionic Storm  
  124  9:40  High Templar x2, Nexus  
  128  9:49  Carrier x2  
  140  10:07  Stargate x2  
  140  10:23  Pylon  
  140  10:24  Pylon  
  140  10:25  Pylon  
  140  10:26  Pylon  
  140  10:28  Pylon  
  140  10:33  Tempest  
  145  10:47  Pylon  
  145  10:48  Pylon  
  145  10:50  Pylon  
  145  10:52  Tempest  
  145  10:55  Pylon  
  150  11:00  High Templar  
  152  11:11  Tempest  
Show
View Real Time Build Order
Export as new Build Order

MMYY Terran 

Build Orders:  

Get SALT Encoding   

  12  0:01  SCV  
  13  0:13  SCV  
  14  0:18  Supply Depot  
  14  0:25  SCV  
  15  0:31  Refinery  
  15  0:40  SCV  
  16  0:47  Barracks  
  16  0:52  SCV  
  17  1:04  SCV  
  18  1:16  SCV  
  20  1:34  Reaper  
  20  1:35  Orbital Command  
  20  1:46  Command Center  
  20  1:55  Refinery  
  21  2:01  SCV  
  21  2:09  Barracks Reactor  
  21  2:14  Barracks  
  21  2:17  SCV  
  22  2:24  Factory  
  22  2:29  SCV  
  23  2:54  Supply Depot  
  23  2:58  Marine x2, SCV  
  26  3:02  Barracks Tech Lab  
  26  3:05  Orbital Command  
  26  3:10  SCV, Refinery  
  26  3:11  Starport  
  27  3:15  Factory Reactor  
  27  3:21  Marine  
  27  3:22  Marine  
  29  3:32  Marine  
  30  3:35  SCV  
  30  3:37  SCV  
  32  3:47  SCV  
  33  3:51  Stimpack  
  33  3:56  Marine x3  
  33  4:00  Medivac x2  
  40  4:05  SCV x2  
  42  4:10  Factory Tech Lab  
  42  4:17  SCV x2  
  43  4:18  Marine  
  43  4:19  Marine, Engineering Bay  
  43  4:20  Engineering Bay  
  46  4:25  Supply Depot  
  46  4:43  Marine  
  46  4:46  Marine x2, SCV, Siege Tank  
  46  4:50  Terran Infantry Armor Level 1  
  46  4:52  Terran Infantry Weapons Level 1  
  52  5:04  Marine  
  52  5:05  Barracks  
  52  5:06  Supply Depot  
  53  5:12  SCV  
  54  5:24  SCV  
  54  5:25  Marine  
  54  5:27  Marine  
  54  5:28  Liberator  
  54  5:36  Marine  
  54  5:38  Siege Tank  
  54  5:39  SCV x2  
  60  5:43  Marine  
  60  5:45  Marine, Refinery  
  60  5:48  Supply Depot  
  62  5:52  Supply Depot  
  62  5:58  Barracks Reactor  
  62  6:09  Marine  
  62  6:10  Medivac, Marine x2, SCV x2  
  69  6:21  Missile Turret  
  69  6:22  SCV x2  
  71  6:27  Marine x3  
  74  6:40  Missile Turret  
  74  6:42  Marine x2  
  74  6:45  Medivac  
  74  6:47  Supply Depot  
  78  6:49  Missile Turret  
  78  6:53  Supply Depot  
  78  6:54  Supply Depot  
  78  6:58  Combat Shield  
  78  7:06  Barracks, Supply Depot  
  78  7:08  Marine, SCV x2, Siege Tank, Marauder  
  86  7:12  Armory  
  86  7:14  Marine x2  
  86  7:15  Medivac  
  87  7:26  Marine x2  
  91  7:30  Marauder  
  91  7:31  SCV  
  91  7:32  SCV  
  93  7:40  Siege Tank  
  93  7:42  Marine  
  97  7:48  Command Center  
  99  7:51  Marauder  
  99  7:52  Marine x2  
  99  7:57  Marine, Supply Depot  
  99  7:58  Supply Depot  
  102  7:59  Barracks Reactor  
  102  8:04  Terran Vehicle Weapons Level 1  
  102  8:05  Terran Infantry Weapons Level 2  
  102  8:06  Terran Infantry Armor Level 2  
  102  8:10  Marine x2  
  102  8:11  Marine  
  107  8:13  Marauder  
  107  8:14  Siege Tank  
  107  8:18  Medivac  
  112  8:32  Missile Turret  
  112  8:35  Marine x3  
  112  8:36  Marine, Missile Turret  
  112  8:37  Marine x2  
  112  8:39  Concussive Shells, Marauder  
  120  8:48  Thor  
  126  8:59  Marine x3  
  126  9:00  SCV x2  
  131  9:07  Orbital Command  
  131  9:09  Refinery  
  131  9:12  SCV x2  
  131  9:16  Marine x3  
  136  9:23  Medivac  
  138  9:24  SCV  
  138  9:26  Medivac, Refinery  
  138  9:30  Supply Depot  
  141  9:52  Marine x4, Marauder  
  147  9:58  SCV x2  
  149  10:06  Barracks Reactor  
  149  10:21  Terran Vehicle Weapons Level 2  
  149  11:00  Marine  
  149  11:01  Marine x4, SCV x2  
  149  11:02  SCV, Marauder  
  149  11:03  Thor  
  126  11:13  SCV x2  
  126  11:14  SCV  
  126  11:15  Marine  
  126  11:18  Marine  
  129  11:19  Marine x2  
  129  11:24  Marine x2, Marauder  
  120  11:25  SCV  
  120  11:26  SCV  
  120  11:32  Marine  
  104  11:36  Marine  
  104  11:37  Marine x2  
  108  11:42  Marine x2  
  108  11:45  Marauder  
  112  11:59  Marine  
  112  12:00  Marine x4  
  117  12:01  Medivac  
  117  12:02  Medivac  
  117  12:07  Marine, Marauder  
  124  12:17  Marine x2  
Show
View Real Time Build Order
Export as new Build Order

wangaO Zerg 

Build Orders: Hatch First 

Get SALT Encoding   

  12  0:06  Drone  
  13  0:12  Overlord  
  13  0:19  Drone  
  14  0:39  Drone x2  
  14  0:41  Drone  
  17  1:06  Hatchery  
  17  1:08  Extractor  
  15  1:12  Drone x2  
  17  1:40  Spawning Pool  
  17  2:08  Drone x3  
  19  2:30  Queen  
  19  2:34  Queen  
  19  2:36  Zergling x8  
  27  2:38  Metabolic Boost  
  27  2:50  Drone  
  28  2:52  Overlord  
  28  2:59  Overlord  
  28  3:05  Overlord  
  28  3:25  Hatchery  
  27  3:31  Drone x2  
  27  3:33  Drone  
  30  3:34  Drone  
  30  3:38  Drone  
  32  3:48  Extractor  
  31  3:50  Extractor  
  31  3:51  Extractor, Lair  
  31  3:54  Drone  
  30  3:59  Drone x2  
  30  4:01  Drone  
  33  4:04  Drone  
  33  4:09  Drone x2  
  37  4:10  Drone  
  38  4:17  Drone x3  
  38  4:21  Overlord  
  39  4:36  Drone x3  
  42  4:38  Zergling x4  
  42  4:39  Zergling x2  
  42  4:45  Zergling x4  
  47  4:50  Zergling x2  
  47  4:51  Zergling x2  
  47  4:52  Zergling x2  
  50  5:01  Hydralisk Den  
  50  5:02  Zergling x2  
  50  5:03  Zergling x2  
  50  5:04  Zergling x10  
  56  5:10  Baneling Nest  
  56  5:13  Drone x3  
  58  5:22  Zergling x2, Drone x2  
  61  5:29  Zergling x2  
  61  5:31  Zergling x4  
  61  5:34  Overlord  
  64  5:40  Overlord x2  
  64  5:42  Muscular Augments, Overlord  
  64  5:45  Zergling x2  
  64  5:46  Overlord  
  65  5:57  Pneumatized Carapace  
  65  6:00  Queen  
  65  6:02  Zergling x4  
  65  6:03  Overlord  
  69  6:08  Overlord  
  69  6:09  Hydralisk  
  71  6:19  Zergling x2  
  71  6:20  Overlord  
  72  6:30  Hydralisk  
  74  6:35  Hatchery  
  73  6:40  Hydralisk  
  73  6:41  Hydralisk x2  
  79  6:50  Hydralisk  
  81  6:54  Centrifugal Hooks, Drone x2  
  81  6:57  Drone  
  84  7:03  Evolution Chamber  
  84  7:04  Hydralisk  
  84  7:05  Evolution Chamber  
  84  7:07  Grooved Spines  
  84  7:12  Lurker Den  
  83  7:18  Hydralisk x2  
  83  7:20  Hydralisk  
  89  7:32  Spire  
  89  7:36  Zerg Ground Armor Level 1  
  88  7:37  Hydralisk  
  88  7:40  Drone  
  88  7:42  Drone  
  92  7:46  Drone x2  
  92  7:49  Drone  
  95  7:52  Extractor  
  95  7:53  Drone x2  
  96  8:03  Extractor, Drone x2  
  96  8:04  Drone x2  
  96  8:05  Drone x2  
  101  8:07  Drone  
  101  8:09  Drone  
  103  8:15  Hydralisk x2  
  107  8:22  Drone x3  
  110  8:32  Hydralisk x2  
  114  8:35  Drone x2  
  114  8:38  Queen  
  114  8:39  Hydralisk  
  120  8:46  Hydralisk x2  
  124  8:48  Drone x2  
  124  8:50  Drone  
  124  8:54  Zerg Flyer Armor Level 1  
  127  9:04  Overseer  
  127  9:14  Infestation Pit  
  127  9:15  Overlord x5  
  127  9:16  Drone  
  127  9:29  Hatchery  
  126  9:32  Extractor  
  126  9:36  Drone x4  
  126  9:37  Drone  
  130  9:51  Overlord x2  
  130  9:53  Drone x4  
  134  10:11  Extractor  
  134  10:13  Corruptor x4, Extractor  
  134  10:14  Corruptor x5  
  150  10:22  Hive  
  150  10:35  Corruptor x2  
  150  10:36  Corruptor x2  
  150  10:38  Corruptor  
  160  10:45  Corruptor x2  
  160  10:48  Corruptor  
  166  10:59  Corruptor x3  
  166  11:01  Overlord  
  172  11:07  Baneling  
  172  11:08  Baneling x12  
  172  11:09  Baneling  
  172  11:10  Baneling x2  
  172  11:33  Corruptor x3  
  172  11:34  Corruptor  
  171  11:41  Corruptor  
  165  11:53  Corruptor  
  165  11:54  Corruptor  
  162  12:07  Corruptor x2  
  162  12:08  Corruptor  
  167  12:14  Overlord x3  
  167  12:21  Drone x4  
  173  12:32  Extractor  
Show
View Real Time Build Order
Export as new Build Order

llllllllllll Protoss 

Build Orders: Carriers, Carrier Rush 

Get SALT Encoding   

  12  0:00  Probe  
  13  0:13  Probe  
  14  0:22  Pylon  
  14  0:25  Probe  
  15  0:36  Probe  
  16  0:44  Probe  
  17  0:54  Probe  
  18  1:06  Probe  
  18  1:08  Nexus  
  19  1:20  Gateway  
  19  1:22  Probe  
  20  1:28  Pylon  
  20  1:35  Probe  
  21  1:50  Probe  
  22  1:58  Probe  
  22  2:01  Nexus  
  22  2:08  Probe  
  23  2:10  Assimilator  
  24  2:15  Assimilator  
  24  2:20  Probe  
  25  2:23  Gateway  
  25  2:32  Cybernetics Core  
  25  2:35  Probe  
  25  2:36  Probe  
  25  2:43  Probe  
  27  2:44  Probe  
  27  2:46  Assimilator  
  27  2:51  Assimilator  
  29  2:52  Probe  
  29  2:53  Probe  
  31  3:05  Probe x2  
  32  3:09  Stargate  
  32  3:10  Probe  
  32  3:12  Assimilator  
  33  3:17  Probe  
  33  3:18  Probe x2  
  37  3:27  Probe  
  37  3:29  Probe  
  37  3:30  Probe  
  40  3:35  Assimilator  
  40  3:39  Stargate, Probe  
  42  3:41  Probe  
  42  3:42  Probe  
  42  3:47  Probe  
  43  3:53  Probe  
  43  3:54  Probe  
  46  3:55  Probe  
  46  3:59  Fleet Beacon  
  47  4:05  Probe  
  47  4:06  Probe x2  
  50  4:19  Stargate  
  50  4:20  Probe x3  
  53  4:24  Protoss Air Weapons Level 1  
  53  4:32  Probe x3  
  53  4:34  Pylon  
  53  4:37  Pylon  
  56  4:44  Probe x3  
  59  4:45  Carrier  
  59  4:46  Carrier  
  59  4:57  Carrier  
  77  5:14  Pylon  
  77  5:21  Pylon  
  77  5:25  Pylon  
  77  5:32  Probe x3  
  80  5:36  Carrier  
  80  5:42  Carrier  
  80  5:45  Carrier  
  86  5:54  Probe x2  
  86  5:55  Probe  
  95  6:03  Pylon  
  101  6:05  Pylon  
  101  6:07  Pylon  
  101  6:10  Pylon  
  101  6:16  Cybernetics Core  
  101  6:37  Carrier  
  101  6:39  Carrier  
  101  6:46  Carrier  
  119  6:54  Protoss Air Weapons Level 2  
  119  7:01  Pylon, Protoss Air Armor Level 1  
  119  7:03  Pylon  
  119  7:05  Pylon  
  119  7:07  Pylon  
  119  7:09  Pylon  
  119  7:40  Carrier  
  119  7:41  Carrier  
  119  7:44  Carrier  
  131  7:48  Nexus  
  137  7:52  Assimilator  
  137  7:55  Assimilator  
  137  7:56  Pylon  
  137  7:58  Pylon  
  137  8:00  Pylon  
  137  8:02  Pylon  
  137  8:05  Forge  
  137  8:13  Pylon  
  137  8:15  Pylon  
  137  8:38  Carrier  
  137  8:44  Protoss Shields Level 1  
  137  8:45  Carrier  
  137  8:46  Carrier  
  155  8:56  Stargate  
  155  8:57  Protoss Air Armor Level 2  
  155  9:15  Protoss Air Weapons Level 3  
  155  9:42  Carrier  
  161  9:49  Carrier  
  161  9:50  Carrier  
  173  10:00  Carrier  
  187  10:46  Carrier  
  187  10:48  Mothership  
  193  10:53  Carrier  
Tags
 
Add a new tag
Caveats
  • Supply blocks, unpowered buildings, or Contaminate may cause inaccurate times.
  • Supply counts are checked every 10 seconds.